 Dungeon Crawl Stone Soup version 0.30.1-9-gdf580d7c3d (webtiles) character file.

Game seed: 4879729846500213690

4823 Zalbag the Nimble (level 10, -2/72 HPs)
             Began as a Djinni Fire Elementalist on Oct 25, 2023.
             Was a Believer of Makhleb.
             Slain by an orc knight
             ... wielding a +0 trident
              (22 damage)
             ... in a bailey.
             The game lasted 00:20:33 (8097 turns).

Zalbag the Nimble (Djinni Fire Elementalist)        Turns: 8097, Time: 00:20:33

Health: -2/72      AC:  8    Str:  7    XL:     10   Next: 77%
Gold:   454        EV: 23    Int: 20    God:    Makhleb [**....] SH:  0 Dex: 21

rFire   + + .        i - +2 dagger (protect)
rCold   x . .        (no shield)
rNeg    . . .        H - +0 steam dragon scales
rPois   ∞            C - +0 helmet
rElec   .            q - +0 cloak
rCorr   .            u - +0 pair of gloves
SInv    .            (boots unavailable)
Will    +....        (no amulet)
Stlth   +++          e - +5 ring of evasion
HPRegen 0.32/turn    a - +6 ring of dexterity
MPRegen 0.00/turn

%: infuse magic (-3 HP)
@: flying
A: sickness immunity, fire resistance 2, cold vulnerability 1, float, innate
caster, HP casting, extra vitality 1
a: Renounce Religion, Minor Destruction


You were in a bailey.
You worshipped Makhleb.
Makhleb was pleased with you.
You visited 2 branches of the dungeon, and saw 10 of its levels.
You also visited: Bailey.

You collected 630 gold pieces.
You spent 176 gold pieces at shops.

Inventory:

Hand Weapons
 i - a +2 dagger of protection (weapon)
 l - a +3 mace of holy wrath
 z - a +0 dagger of venom
 F - a +0 short sword of venom
Missiles
 E - 12 poisoned darts (quivered)
Armour
 q - a +0 cloak (worn)
 u - a +0 pair of gloves (worn)
 C - a +0 helmet (worn)
 H - +0 steam dragon scales (worn)
Jewellery
 a - a +6 ring of dexterity (right hand)
 e - a +5 ring of evasion (left hand)
Wands
 B - a wand of flame (26)
 J - a wand of polymorph (21)
 L - a wand of digging (5)
Scrolls
 b - 5 scrolls of teleportation
 c - a scroll of immolation
 d - 2 scrolls of enchant armour
 f - 2 scrolls of magic mapping
 h - 3 scrolls of blinking
 j - a scroll of torment
 n - 3 scrolls of fear
 o - 5 scrolls of amnesia {unknown}
 p - 2 scrolls of brand weapon
 r - 4 scrolls of fog
 t - 2 scrolls of enchant weapon
 w - 2 scrolls of summoning
 y - a scroll of noise
Potions
 g - a potion of attraction
 k - 2 potions of degeneration {unknown}
 m - 5 potions of curing
 s - 2 potions of might {unknown}
 v - 4 potions of heal wounds {unknown}
 A - 3 potions of mutation {unknown}
 G - 3 potions of flight {unknown}
 K - 2 potions of haste {unknown}
 M - a potion of resistance {unknown}
 N - a potion of invisibility
 O - a potion of magic {unknown}


   Skills:
 + Level 6.1 Fighting
 - Level 2.3 Short Blades
 + Level 8.0 Dodging
 + Level 5.6 Stealth
 + Level 8.0 Spellcasting


You knew the following spells:

 Your Spells              Type           Power      Damage    Failure   Level
a - Foxfire               Conj/Fire      100%       2x1d9     1%          1
b - Scorch                Fire           80%        2d8       1%          2
c - Volatile Blastmotes   Fire/Tloc      80%        2d16      1%          3
d - Inner Flame           Hex/Fire       40%        N/A       1%          3
e - Flame Wave            Conj/Fire      40%        2d11      3%          4
f - Beastly Appendage     Tmut           80%        N/A       1%          1
g - Wereblood             Tmut           40%        N/A       1%          2
h - Lesser Beckoning      Tloc           80%        N/A       1%          2
i - Mephitic Cloud        Conj/Pois/Air  40%        N/A       1%          3
Your spell library was empty.

Dungeon Overview and Level Annotations

Branches:
Dungeon (9/15)             Temple (1/1) D:6          Bailey (1/1)
   Lair: D:8-11         Orc: D:9-12

Altars:
Cheibriados
Dithmenos
Elyvilon
Fedhas
Gozag
Hepliaklqana
Makhleb
Nemelex Xobeh
Ru
Trog
Uskayaw
Wu Jian
Yredelemnul
Zin
The Shining One

Shops:
D:3 ?

Annotations:
Temple 2 transporters


Innate Abilities, Weirdness & Mutations

You are immune to sickness and miasma.
You are immune to poison.
Your flesh is very heat resistant. (rF++)
You are vulnerable to cold. (rC-)
You float through the air rather than walking.
You learn spells naturally, not from books.
Your magical power is your life essence.
You have superior vitality. (+4 MHP)


Message History

The curare-tipped dart hits the orc knight.
The orc knight is poisoned.
The orc knight convulses.
The orc knight seems to slow down.
The orc knight is lightly wounded.
Throw: 2 darts (curare)
Press: ? - help, Q - select action, (/) - cycle Shift-Dir - straight line, f/p - orc knight
Aim: an orc knight, wielding a +0 trident and wearing a +0 chain mail (lightly wounded, very poisoned, slow, 62% to hit)
You throw a curare-tipped dart.
The curare-tipped dart hits the orc knight.
The orc knight looks as sick as possible!
The orc knight convulses.
The orc knight seems to be slow for longer.
The orc knight is lightly wounded.
Throw: dart (curare)
Press: ? - help, Q - select action, (/) - cycle Shift-Dir - straight line, f/p - orc knight
Aim: an orc knight, wielding a +0 trident and wearing a +0 chain mail (lightly wounded, extremely poisoned, slow, 62% to hit)
You throw a curare-tipped dart.
The curare-tipped dart hits the orc knight.
The orc knight looks as sick as possible!
The orc knight convulses.
The orc knight seems to be slow for longer.
The orc knight is moderately wounded.
Aiming: Paralyse
Press: ? - help, Shift-Dir - straight line, f/p - orc knight
Aim: an orc knight, wielding a +0 trident and wearing a +0 chain mail (moderately wounded, extremely poisoned, slow, chance to affect: 31%)
The orc knight easily resists.
The now-empty wand crumbles to dust.
Okay, then.
There is a gate leading back out of this place here.
Throw: 2 throwing nets
Press: ? - help, Q - select action, (/) - cycle Shift-Dir - straight line, f/p - orc knight
Aim: an orc knight, wielding a +0 trident and wearing a +0 chain mail (moderately wounded, very poisoned, slow, 62% to hit)
You throw a throwing net.
The throwing net barely misses the orc knight.
Throw: throwing net
Press: ? - help, Q - select action, (/) - cycle Shift-Dir - straight line, f/p - orc knight
Aim: an orc knight, wielding a +0 trident and wearing a +0 chain mail (heavily wounded, very poisoned, slow, 62% to hit)
You throw a throwing net.
The throwing net completely misses the orc knight.
The orc knight hits you from afar with a +0 trident!!
You die...

## ############ .##
##....((.(∩.##
..######.....#......#
..#....#....###.....#
..'o..)).....8.....∩#
..#.o..#...)###.o...#
..######...).#......#
.## ##..))...@∩.## ##
############


You could see an orc knight (very poisoned, slow).

Vanquished Creatures
  An orc knight (Bailey)
  Maggie (D:8)
  Sigmund (D:2)
  Grum (D:8)
  2 steam dragons (D:7)
  4 water moccasins
  An orc warrior (Bailey)
  A sky beast (D:5)
  3 black bears
  An ice beast (D:6)
  3 wolves (D:8)
  2 ogres
  2 centaurs (D:7)
  3 kobold brigands
  2 phantoms
  4 scorpions
  8 wights (D:8)
  7 killer bees
  3 jellies
  9 hounds
  3 iguanas
  2 orc wizards
  9 adders
  2 shadow imps
  3 worms
  4 dart slugs
  35 orcs
  6 endoplasms
  4 giant cockroaches
  12 goblins
  13 hobgoblins
  6 quokkas
  7 ball pythons
  12 bats
  3 frilled lizards
  27 kobolds
  9 rats
216 creatures vanquished.

Vanquished Creatures (others)
  99 foxfires
99 creatures vanquished.

Grand Total: 315 creatures vanquished

Notes
Turn   | Place    | Note
-------+----------+-------------------------------------------
     0 | D:1      | Zalbag the Djinni Fire Elementalist began the quest for the
                  | Orb.
     0 | D:1      | Zalbag set off with the following spells memorised:
                  | Foxfire, Scorch, Volatile Blastmotes, Inner Flame, Flame
                  | Wave.
     0 | D:1      | Reached XP level 1. HP: 15/15 MP: 0/0
   163 | D:1      | Reached XP level 2. HP: 21/21 MP: 0/0
   390 | D:1      | Reached XP level 3. HP: 22/25 MP: 0/0
   390 | D:1      | Learned a level 1 spell: Beastly Appendage
   901 | D:2      | Identified the +5 spear "Fitus" {freeze, Drain rC+++ rCorr
                  | Str+4}
  1031 | D:2      | Reached XP level 4. HP: 13/31 MP: 0/0
  1258 | D:2      | Noticed Sigmund
  1265 | D:2      | Killed Sigmund
  1266 | D:2      | Reached XP level 5. HP: 28/35 MP: 0/0
  1266 | D:2      | Learned a level 2 spell: Wereblood
  1266 | D:2      | Reached XP level 6. HP: 32/40 MP: 0/0
  1701 | D:2      | Reached skill level 5 in Spellcasting
  2342 | D:3      | Found Enkyx's Magic Scroll Shop.
  2346 | D:3      | Bought 2 scrolls of identify for 44 gold pieces
  2346 | D:3      | Bought a scroll of fog for 44 gold pieces
  2346 | D:3      | Bought a scroll of fear for 44 gold pieces
  2346 | D:3      | Bought a scroll of identify for 22 gold pieces
  2346 | D:3      | Bought a scroll of identify for 22 gold pieces
  2541 | D:3      | Found a faded altar of an unknown god.
  2541 | D:3      | Found a hazy altar of Hepliaklqana.
  2541 | D:3      | Found a faded altar of an unknown god.
  3027 | D:4      | Found a basalt altar of Yredelemnul.
  3236 | D:4      | Found a white marble altar of Elyvilon.
  3585 | D:4      | Reached XP level 7. HP: 45/46 MP: 0/0
  3585 | D:4      | Learned a level 2 spell: Lesser Beckoning
  3605 | D:4      | Reached skill level 1 in Fighting
  3720 | D:4      | Found an opulent altar of Gozag.
  3950 | D:5      | Entered Level 5 of the Dungeon
  4029 | D:5      | Reached XP level 8. HP: 51/54 MP: 0/0
  4363 | D:5      | Found a bloodstained altar of Trog.
  4529 | D:5      | Found a glowing golden altar of the Shining One.
  5185 | D:6      | Reached skill level 1 in Short Blades
  5185 | D:6      | Reached XP level 9. HP: 24/61 MP: 0/0
  5185 | D:6      | Learned a level 3 spell: Mephitic Cloud
  5395 | D:6      | Reached skill level 5 in Dodging
  5529 | D:6      | Found a staircase to the Ecumenical Temple.
  5577 | Temple   | Entered the Ecumenical Temple
  5577 | Temple   | Found a transporter.
  5577 | Temple   | Found a transporter.
  5579 | Temple   | Found a transporter.
  5579 | Temple   | Found a transporter.
  5611 | Temple   | Became a worshipper of Makhleb the Destroyer
  5716 | D:6      | Found a snail-covered altar of Cheibriados.
  6299 | D:7      | Reached skill level 5 in Stealth
  6555 | D:7      | Reached * piety under Makhleb
  6556 | D:7      | Reached XP level 10. HP: 56/69 MP: 0/0
  6957 | D:8      | Reached skill level 5 in Fighting
  7112 | D:8      | Noticed Maggie
  7128 | D:8      | Killed Maggie
  7442 | D:8      | Noticed Grum
  7458 | D:8      | Killed Grum
  7864 | D:9      | Found a flagged portal.
  7873 | Bailey   | Entered a bailey
  7891 | Bailey   | Reached ** piety under Makhleb
  8016 | Bailey   | Noticed an orc knight
  8023 | Bailey   | Noticed an orc knight
  8065 | Bailey   | Killed an orc knight
  8097 | Bailey   | Slain by an orc knight

Illustrated notes

Levels and vault maps discovered:
D:1:      dpeg_arrival_morbid_curiosity, layout_basic
D:2:      layout_basic, guppyfry_early_orc_mine, uniq_sigmund
D:3:      layout_basic, nicolae_hepliaklqana_ecumenical_no_more, serial_shops,
          nicolae_shop_statue_plus, dk_noncrumbling_4
D:4:      kennysheep_big_flooded_room, layout_loops_ring, kennysheep_ying_yang,
          grunt_gozag_breadcrumbs, minivault_4
D:5:      layout_cave_pods, trog_book, old_standard_altar, roderic_batcave,
          moated_statue
D:6:      layout_basic, marbit_many_paths, mainiacjoe_overflow_alcove_2,
          minmay_temple_entry_glass, kennysheep_nondescript
D:7:      layout_basic
D:8:      layout_rooms, uniq_maggie, uniq_grum
D:9:      layout_loops_ring, mainiacjoe_overflow_alcove_1, xom_butterflies,
          okawaru_metal_pillars_1_2, tgw_kikubaaqudgha, david_lair_generic,
          zombieorc2_lemuel, enter_bailey_2, serial_shops,
          nicolae_shop_mannequins
Temple:   hellmonk_temple_divided_pantheon
Bailey:   bailey_polearm_5, bailey

Skill      XL: |  1  2  3  4  5  6  7  8  9 10 |
---------------+-------------------------------+-----
Spellcasting   | 3 4 5 6 7 8 |  8.0
Stealth        | 2 3 5 |  5.6
Fighting       | 2 3 4 6 |  6.1
Dodging        | 3 4 6 8 |  8.0
Short Blades   | 1 2 |  2.3

Action                     |  1- 3 |  4- 6 |  7- 9 | 10-12 || total
---------------------------+-------+-------+-------+-------++-------
  Melee: Mace              |    36 |       |       |       ||    36
         Punch             |     1 |       |       |       ||     1
         Dagger            |    59 |    94 |    29 |    51 ||   233
  Throw: Dart              |       |    12 |    11 |     7 ||    30
         Throwing net      |       |       |       |     2 ||     2
   Cast: Foxfire           |     7 |     7 |    19 |    24 ||    57
         Scorch            |     6 |    35 |   120 |    70 ||   231
         Volatile Blastmot |       |       |       |     2 ||     2
  Evoke: Wand              |       |       |       |     8 ||     8
    Use: Scroll            |       |     9 |     3 |     3 ||    15
         Potion            |       |       |     2 |     1 ||     3
   Stab: Sleeping          |     3 |     7 |     9 |     2 ||    21
         Paralysed         |       |       |       |     4 ||     4
         Invisible         |       |       |       |     1 ||     1
 Armour: Robe              |    30 |    28 |    29 |       ||    87
         Steam dragon scal |       |       |     5 |    20 ||    25
  Dodge: Dodged            |    77 |    60 |   129 |   122 ||   388
